 Dungeon Crawl Stone Soup version 0.27-a0-1184-ge86db4a01e (webtiles) character file.

Game seed: 2541292662694032161

22632 robertstho the Protected (level 12, -14/102 (112) HPs)
             Began as a Minotaur Berserker on May 18, 2021.
             Was a High Priest of Trog.
             Killed from afar by a necromancer (29 damage)
             ... with a bolt of negative energy
             ... on level 13 of the Dungeon.
             The game lasted 00:17:42 (15413 turns).

robertstho the Protected (Minotaur Berserker)      Turns: 15413, Time: 00:17:43

HP:   -14/102 (112) AC: 18    Str: 25    XL:     12   Next: 64%
MP:   11/11         EV:  6    Int:  5    God:    Trog [*****.]
Gold: 227           SH: 19    Dex: 17    Spells: 11/11 levels left

rFire    . . .     SeeInvis .   e - +3 broad axe (vorpal)
rCold    . . .     Faith    .   f - +0 tower shield
rNeg     . . .     Spirit   .   h - +0 plate armour
rPois    .         Reflect  .   (helmet restricted)
rElec    .         Harm     .   (no cloak)
rCorr    .         Rampage  .   l - +0 pair of gloves
Will     .....                  (no boots)
Stlth    ..........             (no amulet)
HPRegen  0.27/turn              K - +6 ring of dexterity
MPRegen  0.12/turn              M - +4 ring of slaying

@: drained
A: horns 2, retaliatory headbutt
a: Renounce Religion, Berserk, Trog's Hand, Brothers in Arms


You were on level 13 of the Dungeon.
You worshipped Trog.
Trog was extremely pleased with you.
You visited 1 branch of the dungeon, and saw 13 of its levels.

You collected 557 gold pieces.
You spent 330 gold pieces at shops.

Inventory:

Hand Weapons
 a - a +5 battleaxe
 e - a +3 vorpal broad axe (weapon)
 C - a +2 spectral war axe
 H - a +3 morningstar
 N - a +4 scimitar of flaming
Armour
 f - a +0 tower shield (worn)
 h - a +0 plate armour (worn)
 l - a +0 pair of gloves (worn)
Jewellery
 b - a ring of protection from fire
 B - the ring of Itzyj {rC- Will+ rCorr Str-4 Stlth+}
   (You took it off a tengu conjurer on level 12 of the Dungeon)

   [ring of willpower]

   It affects your strength (-4).
   It makes you vulnerable to cold.
   It protects you from acid and corrosion.
   It increases your willpower.
   It makes you more stealthy.
 K - a +6 ring of dexterity (left hand)
 L - an amulet of reflection
 M - a +4 ring of slaying (right hand)
Wands
 s - a wand of polymorph (12)
 x - a wand of paralysis (4)
 y - a wand of mindburst (19)
 D - a wand of iceblast (11)
Scrolls
 g - 4 scrolls of enchant armour {unknown}
 j - a scroll of blinking {unknown}
 k - 2 scrolls of fog
 n - 2 scrolls of silence
 o - a scroll of immolation {unknown}
 r - a scroll of holy word {unknown}
 t - a scroll of noise {unknown}
 u - 2 scrolls of teleportation
 w - a scroll of acquirement {unknown}
 A - 4 scrolls of magic mapping
 G - 3 scrolls of enchant weapon {unknown}
Potions
 c - 3 potions of haste
 d - 2 potions of invisibility
 i - 3 potions of heal wounds
 m - 2 potions of mutation
 p - 2 potions of attraction
 q - 3 potions of flight
 v - 4 potions of curing
 z - 2 potions of cancellation
 E - a potion of ambrosia
 F - 2 potions of magic
 I - a potion of resistance
 J - a potion of lignification


   Skills:
 * Level 12.2 Fighting
 + Level 13.0(13.1) Axes
 + Level 2.3(8.9) Maces & Flails
 * Level 14.1 Armour
 + Level 3.2 Dodging
 + Level 10.9 Shields
 + Level 0.5 Unarmed Combat
 + Level 0.2 Evocations


You had 11 spell levels left.
You didn't know any spells.
Your spell library was empty.

Dungeon Overview and Level Annotations

Branches:
Dungeon (13/15)            Temple (0/1) D:6            Lair (0/6) D:8
    Orc (0/2) D:12
 Vaults: D:13-14

Altars:
Dithmenos
Hepliaklqana
Kikubaaqudgha
Makhleb
Nemelex Xobeh
Okawaru
Qazlal
Ru
Yredelemnul
Zin

Shops:
D:6 *   D:13 !

Annotations:
D:4 2 runed translucent doors, Vomitron's ghost, amateur TrMo
D:7 4 runed translucent doors, CowFu's ghost, novice HOFi


Innate Abilities, Weirdness & Mutations

You have a pair of horns on your head.
You reflexively headbutt those who attack you in melee.


Message History

Trog accepts your kill.
You slash the human! The human barely misses you. You furiously retaliate!
You headbutt the human!
You kill the human!
Trog accepts your kill. The human hits you but does no damage.
Something hits you. The human hits you but does no damage.
Your shield and plate armour prevent you from hitting the human.
Your headbutt misses the human.
The human is severely wounded.
You miss something. Something hits you but does no damage.
You block the human's attack.
Unknown command.
You closely miss the human. You headbutt the human.
The human is almost dead.
You hit something. You block something's attack. You block the human's attack.
Unknown command.
You slice the human!!
You kill the human!
Trog accepts your kill.
You closely miss something. Something hits you but does no damage.
Your Axes skill increases to level 13!
Unknown command.
No target in view!
You slash something! Your headbutt misses something. Something hits you.
You hear some strange, mumbled words.
Your body is wracked with pain!
You miss something.
You hear some strange, mumbled words.
A bolt of negative energy appears from out of thin air!
The bolt of negative energy hits you!!
You feel drained.
* * * LOW HITPOINT WARNING * * *
You hit something. Your headbutt misses something. Something hits you.
* * * LOW HITPOINT WARNING * * *
Your shield prevents you from hitting something.
Your headbutt misses something.
You hear some strange, mumbled words.
A bolt of negative energy appears from out of thin air!
The bolt of negative energy hits you!!
You feel drained.
You die...

# # # # # #... # ##+++########..
#... # #....†#...).#.. #... #
#....{@.....#.. #... ########
#..⌠.†††.⌠..#.######... .......#
#(....'.....#......#... .......#
#)$...#..†..#......#... .......#
########'†'##......+... .......#
................#... .......#
................#...
.......######................####
######..#...##############.......


There were no monsters in sight!

Vanquished Creatures
  A boulder beetle (D:11)
  A hydra (D:12)
  A centaur warrior (D:13)
  A two-headed ogre (D:12)
  A tengu warrior (D:12)
  6 skeletal warriors (D:13)
  A deep elf pyromancer (D:12)
  3 ugly things
  3 cyclopes
  A gargoyle (D:9)
  3 unseen horrors
  An efreet (D:13)
  A tengu conjurer (D:12)
  A troll (D:10)
  A hornet (D:8)
  5 wyverns
  3 wraiths
  A shadow (D:10)
  10 humans (D:13)
  10 yaks
  A water elemental (D:11)
  Eustachio (D:4)
  A steam dragon (D:10)
  A basilisk (D:12)
  Menkaure (D:7)
  4 acid dragons
  4 water moccasins
  Duvessa (D:5)
  2 ice beasts
  2 sky beasts
  9 orc warriors
  A hornet zombie (D:8)
  2 necrophages
  A black bear (D:7)
  An ogre (D:6)
  3 centaurs
  A phantom (D:4)
  2 bullfrogs
  A water moccasin zombie (D:5)
  3 scorpions
  Dowan (D:5)
  14 killer bees
  4 wights
  6 electric eels (D:11)
  A howler monkey (D:4)
  A bullfrog zombie (D:7)
  2 centaur zombies
  9 orc priests
  3 hounds
  2 jellies
  A bullfrog skeleton (D:5)
  6 orc wizards
  6 iguanas
  3 killer bee zombies
  A hound zombie (D:5)
  2 howler monkey zombies
  A howler monkey skeleton (D:4)
  7 adders
  4 gnolls (D:6)
  A worm (D:4)
  2 dart slugs (D:2)
  41 orcs
  10 endoplasms
  3 giant cockroaches
  5 goblins
  5 hobgoblins
  8 jackals
  4 kobolds
  6 quokkas
  7 ball pythons
  4 bats
  A frilled lizard (D:1)
  A goblin zombie (D:7)
  7 rats
  A spectral hobgoblin (D:11)
277 creatures vanquished.

Vanquished Creatures (collateral kills)
  Harold (D:8)
  A centaur warrior (D:11)
  A vampire (D:11)
  5 centaurs (D:11)
  A centaur zombie (D:8)
9 creatures vanquished.

Vanquished Creatures (others)
  An unseen horror (D:11)
  6 fungi (D:8)
  23 plants (D:8)
30 creatures vanquished.

Grand Total: 316 creatures vanquished

Notes
Turn   | Place    | Note
-------+----------+-------------------------------------------
     0 | D:1      | robertstho the Minotaur Berserker began the quest for the
                  | Orb.
     0 | D:1      | Reached XP level 1. HP: 19/19 MP: 0/0
   279 | D:1      | Reached XP level 2. HP: 14/27 MP: 1/1
  1470 | D:2      | Reached XP level 3. HP: 34/34 MP: 2/2
  1574 | D:2      | Reached ** piety under Trog
  1839 | D:2      | Reached skill level 3 in Armour
  1861 | D:2      | Reached XP level 4. HP: 25/41 MP: 3/3
  2743 | D:3      | Reached skill level 1 in Shields
  3377 | D:4      | Reached XP level 5. HP: 36/47 MP: 4/4
  3383 | D:4      | Reached skill level 5 in Fighting
  3383 | D:4      | Reached skill level 5 in Axes
  3383 | D:4      | Reached skill level 4 in Armour
  3478 | D:4      | Reached *** piety under Trog
  3483 | D:4      | Reached XP level 6. HP: 56/56 MP: 5/5
  3637 | D:4      | Noticed Eustachio
  3650 | D:4      | Killed Eustachio
  3651 | D:4      | Reached XP level 7. HP: 61/61 MP: 6/6
  3722 | D:4      | Reached skill level 5 in Armour
  3903 | D:4      | Found a large runed translucent door.
  3904 | D:4      | Found a large runed translucent door.
  4099 | D:4      | Noticed Vomitron's ghost (amateur TrMo)
  4129 | D:5      | Entered Level 5 of the Dungeon
  4134 | D:5      | Noticed Dowan
  4135 | D:5      | Noticed Duvessa
  4142 | D:5      | Killed Dowan
  4150 | D:5      | Killed Duvessa
  5168 | D:5      | Reached skill level 5 in Shields
  5168 | D:5      | Reached XP level 8. HP: 71/71 MP: 7/7
  5334 | D:5      | Reached skill level 6 in Armour
  5401 | D:6      | Found Peitz's Assorted Antiques.
  5401 | D:6      | Found a sacrificial altar of Ru.
  5408 | D:6      | Bought a scroll labelled WOMMAMP BOECVI for 25 gold pieces
  5408 | D:6      | Bought a scroll labelled AXZOGI ODIMUUS for 25 gold pieces
  5408 | D:6      | Bought a scroll labelled GEGEIL NEDIO for 25 gold pieces
  5408 | D:6      | Bought a scroll labelled XUEHIE REEPT for 25 gold pieces
  5408 | D:6      | Bought a silvery potion for 22 gold pieces
  5437 | D:6      | Reached **** piety under Trog
  5899 | D:6      | Reached skill level 7 in Armour
  5954 | D:6      | Found a staircase to the Ecumenical Temple.
  6336 | D:7      | Found a runed translucent door.
  6337 | D:7      | Found a basalt altar of Yredelemnul.
  6433 | D:7      | Found a runed translucent gate.
  6433 | D:7      | Found a runed translucent gate.
  6434 | D:7      | Found a runed translucent gate.
  6434 | D:7      | Noticed CowFu's ghost (novice HOFi)
  6478 | D:7      | Found a stormy altar of Qazlal.
  6478 | D:7      | Found a shadowy altar of Dithmenos.
  6479 | D:7      | Found an iron altar of Okawaru.
  6479 | D:7      | Found an ancient bone altar of Kikubaaqudgha.
  6479 | D:7      | You fall into a shaft and drop 1 floor!
  6542 | D:8      | Noticed Harold
  6553 | D:8      | Reached XP level 9. HP: 70/79 MP: 8/8
  6561 | D:8      | Killed Harold
  6562 | D:8      | Reached skill level 8 in Armour
  6566 | D:8      | Found a glowing silver altar of Zin.
  7009 | D:7      | Reached skill level 9 in Armour
  7363 | D:7      | Noticed Menkaure
  7366 | D:7      | Killed Menkaure
  8058 | D:8      | Found a staircase to the Lair.
  8071 | D:8      | Reached skill level 10 in Armour
  8071 | D:8      | Reached XP level 10. HP: 90/90 MP: 9/9
  8463 | D:9      | Reached skill level 10 in Axes
  8535 | D:9      | Reached ***** piety under Trog
  8823 | D:9      | Noticed a gargoyle
  8830 | D:9      | Killed a gargoyle
  9429 | D:10     | Entered Level 10 of the Dungeon
  9751 | D:10     | Reached skill level 11 in Armour
 10030 | D:10     | Reached skill level 10 in Fighting
 10265 | D:10     | Reached XP level 11. HP: 96/99 MP: 10/10
 10273 | D:10     | Found a burning altar of Makhleb.
 11478 | D:11     | Received a gift from Trog
 11635 | D:11     | Noticed a centaur warrior
 11645 | D:11     | Killed a centaur warrior
 11680 | D:11     | Identified the +0 leather armour of Zosi Jad {rPois Dex+6
                  | SInv}
 11687 | D:11     | Noticed a boulder beetle
 11714 | D:11     | Reached skill level 12 in Armour
 11770 | D:11     | Killed a boulder beetle
 12828 | D:11     | Found a hazy altar of Hepliaklqana.
 13052 | D:12     | Found a staircase to the Orcish Mines.
 13281 | D:12     | Noticed a deep elf pyromancer
 13288 | D:12     | Reached skill level 13 in Armour
 13288 | D:12     | Killed a deep elf pyromancer
 13492 | D:12     | Noticed a green ugly thing
 13505 | D:12     | Killed a green ugly thing
 13716 | D:12     | Noticed a two-headed ogre
 13719 | D:12     | Killed a two-headed ogre
 13765 | D:12     | Identified the ring of Itzyj {rC- Will+ rCorr Str-4 Stlth+}
 13796 | D:12     | Found a sparkling altar of Nemelex Xobeh.
 13797 | D:12     | Noticed a tengu warrior
 13812 | D:12     | Killed a tengu warrior
 13813 | D:12     | Reached skill level 10 in Shields
 14184 | D:12     | Noticed a six-headed hydra
 14192 | D:12     | Killed a six-headed hydra
 14193 | D:12     | Reached XP level 12. HP: 110/110 MP: 11/11
 14465 | D:13     | Noticed a centaur warrior
 14473 | D:13     | Killed a centaur warrior
 14474 | D:13     | Reached skill level 1 in Maces & Flails
 15109 | D:13     | Reached skill level 14 in Armour
 15316 | D:13     | Found Dalluh's Distillery.
 15321 | D:13     | Bought a potion of heal wounds for 65 gold pieces
 15321 | D:13     | Bought a potion of curing for 39 gold pieces
 15321 | D:13     | Bought a potion of ambrosia for 104 gold pieces
 15413 | D:13     | Killed from afar by a necromancer

Illustrated notes

Levels and vault maps discovered:
D:1:      scummos_arrival_hexagon, layout_basic
D:2:      layout_loops_ring
D:3:      layout_loops_cross, minmay_crystal_water
D:4:      layout_cave_pools, ebering_ghost_disaster_area,
          kennysheep_generic_room_14, uniq_eustachio
D:5:      layout_layer_cave, serial_bayou_crossing, uniq_duvessa
D:6:      cheibrodos_helix_gallery, layout_cave_pools,
          overflow_temple_1_default, minmay_temple_entry_proselytizer,
          serial_shops, shop_statue, corexii_hall_statues_u
D:7:      layout_loops_ring, chequers_temple_overflow_statue_of_worship,
          dk_yredelemnul_ordeal, gammafunk_ghost_nasty_kobolds,
          hangedman_abyss_or_decor_passed, uniq_menkaure
D:8:      layout_basic, zin_academy, minmay_lair_entry_grove, uniq_harold
D:9:      layout_loops_cross
D:10:     layout_loops_corners, lemuel_crystal_altar
D:11:     layout_basic, hangedman_abyss_or_decor_stabs,
          nicolae_hepliaklqana_monster_ancestors
D:12:     layout_loops_cross, david_orc_3, serial_aquarium,
          aquarium_bridge_square [aquarium_subvault_balcony,
          aquarium_subvault_window, aquarium_subvault_bridge,
          aquarium_subvault_wall], aquarium_window_corner, aquarium_window_2,
          aquarium_window_3, aquarium_view_2b, nemelex_lonely_heart_becter
D:13:     layout_gridville, grunt_vaults_entry_tiered, serial_shops, shop

Skill      XL: |  1  2  3  4  5  6  7  8  9 10 11 12 |
---------------+-------------------------------------+-----
Axes           | 4 5 6 7 8 9 10 12 13 | 13.0
Fighting       | 4 5 6 7 8 10 11 12 | 12.2
Armour         | 3 4 5 7 10 11 13 14 | 14.1
Shields        | 1 2 3 5 6 7 8 10 | 10.9
Dodging        | 3 |  3.2
Maces & Flails | 2 |  2.3
Unarmed Combat | |  0.5
Evocations     | |  0.2

Action                   |  1- 3 |  4- 6 |  7- 9 | 10-12 || total
-------------------------+-------+-------+-------+-------++-------
Melee: Hand axe          |    79 |   127 |   207 |       ||   413
       Headbutt          |     9 |    25 |    60 |    89 ||   183
       Unarmed           |       |       |     3 |       ||     3
       War axe           |       |       |    83 |   262 ||   345
       Broad axe         |       |       |       |   137 ||   137
       Morningstar       |       |       |       |    13 ||    13
Invok: Berserk           |     2 |     4 |     8 |    11 ||    25
       Trog's Hand       |       |       |     1 |     1 ||     2
       Brothers in Arms  |       |       |     1 |     1 ||     2
Evoke: Wand              |       |       |     2 |       ||     2
  Use: Scroll            |     1 |     5 |     9 |     7 ||    22
Armor: Animal skin       |     5 |       |       |       ||     5
       Chain mail        |    23 |    60 |    60 |       ||   143
       Ring mail         |     3 |       |       |       ||     3
       Plate armour      |       |       |   100 |   222 ||   322
Dodge: Dodged            |    11 |    18 |    45 |    74 ||   148
Block: Tower shield      |    23 |   111 |   268 |   392 ||   794

Table legend: (Time is in decaauts)
 A = Elapsed time spent in this place.
 B = Non-inter-level travel time spent in this place.
 C = Inter-level travel time spent in this place.
 D = Time resting spent in this place.
 E = Time spent auto-exploring this place.
 F = Levels seen in this place.
 G = Mean time per level.
                   A        B        C        D        E       F      G
               +--------+--------+--------+--------+--------+-----+--------+
         Total |  15988 |  15469 |    519 |   1761 |  11467 |  13 | 1229.8 |
       Dungeon |  15988 |  15469 |    519 |   1761 |  11467 |  13 | 1229.8 |
               +--------+--------+--------+--------+--------+-----+--------+

Top non-repeatable levels by time:
    D:11: 2590 daAuts
    D:12: 1547 daAuts
    D:10: 1362 daAuts
     D:1: 1316 daAuts
     D:5: 1308 daAuts
     D:2: 1239 daAuts
     D:7: 1185 daAuts
     D:9: 1008 daAuts
     D:6: 999 daAuts
     D:8: 985 daAuts
     D:4: 877 daAuts
     D:3: 875 daAuts
    D:13: 691 daAuts
